 Dungeon Crawl Stone Soup version 0.19.4-9-g45fd643 (webtiles) character file.

844 LORDOFBUTT the Magician (level 7, -1/32 HPs)
             Began as a Spriggan Enchanter on Feb 16, 2017.
             Splashed by a jelly's acid (10 damage)
             ... on level 5 of the Dungeon.
             The game lasted 00:11:48 (4110 turns).

LORDOFBUTT the Magician (Spriggan Enchanter)        Turns: 4110, Time: 00:11:48

Health: -1/32      AC: -4    Str:  6    XL:     7   Next: 68%
Magic:  18/18      EV: 18    Int: 16    God:
Gold:   312        SH:  0    Dex: 17    Spells: 3 memorised, 14 levels left

rFire  . . .     SeeInvis +     a - +1 dagger
rCold  . . .     Gourm    .     b - +2 robe
rNeg   + . .     Faith    .     (shield restricted)
rPois  .         Spirit   .     (helmet restricted)
rElec  .         Reflect  .     (no cloak)
rCorr  .         Harm     .     (gloves unavailable)
MR     +....                    (boots unavailable)
Stlth  ++++......               (no amulet)
                                (no ring)
                                m - ring of positive energy

@: corroded, very quick
A: unfitting armour, see invisible, herbivore 3, speed 3, slow metabolism 2
a: no special abilities


You were on level 5 of the Dungeon.
You were not hungry.

You visited 1 branch of the dungeon, and saw 6 of its levels.

You collected 312 gold pieces.

Inventory:

Hand Weapons
 a - a +1 dagger (weapon)
Armour
 b - a +2 robe (worn)
Jewellery
 m - a ring of positive energy (left hand)
 o - an uncursed ring of teleportation
 r - an uncursed ring of resist corrosion {unknown}
 v - an uncursed ring of positive energy
Wands
 f - a wand of heal wounds (7/9)
 p - a wand of slowing (25/48)
 u - a wand of acid (2/15)
 H - a wand of flame (24/48)
Scrolls
 g - a scroll of immolation {unknown}
 n - a scroll of noise
 A - 2 scrolls of teleportation
Potions
 e - 4 potions of curing
 h - 4 potions of lignification
 i - 3 potions of haste
 j - 2 potions of magic
 k - 2 potions of berserk rage
 l - 4 potions of heal wounds
 q - a potion of might {unknown}
 t - 3 potions of mutation
 w - a potion of agility {unknown}
 z - a potion of invisibility {unknown}
 C - a potion of flight {unknown}
 E - 2 potions of brilliance
Books
 c - a book of Maledictions

   Spells                             Type                      Level
   a - Corona                         Hexes                        1
   b - Ensorcelled Hibernation        Hexes/Ice                    2
   c - Confuse                        Hexes                        3
   d - Tukima's Dance                 Hexes                        3
   e - Dazzling Spray                 Conjuration/Hexes            3
 s - a book of Callings

   Spells                             Type                      Level
   a - Summon Small Mammal            Summoning                    1
   b - Call Imp                       Summoning                    2
   c - Call Canine Familiar           Summoning                    3
   d - Summon Guardian Golem          Hexes/Summoning              3
   e - Summon Lightning Spire         Summoning/Air                4
   f - Summon Ice Beast               Ice/Summoning                4
 G - a book of Cantrips

   Spells                             Type                      Level
   a - Confusing Touch                Hexes                        1
   b - Animate Skeleton               Necromancy                   1
   c - Summon Small Mammal            Summoning                    1
   d - Apportation                    Translocation                1
Comestibles
 d - 3 bread rations


   Skills:
 - Level 1.1 Short Blades
 - Level 3.0 Dodging
 + Level 7.1 Stealth
 * Level 7.4 Spellcasting
 * Level 7.4 Hexes


You had 14 spell levels left.
You knew the following spells:

 Your Spells              Type           Power        Failure   Level  Hunger
a - Corona                Hex            ####...      1%          1    None
b - Ensorcelled Hibernat  Hex/Ice        ###...       4%          2    None
c - Confuse               Hex            ####....     1%          3    ##.....


Dungeon Overview and Level Annotations

Branches:
Dungeon (6/15)
 Temple: D:4-7

Altars:
Hepliaklqana
Ru
Xom
Beogh


Innate Abilities, Weirdness & Mutations

You are very small and have problems with some larger weapons.
You are too small for most types of armour.
You have supernaturally acute eyesight. (SInv)
You are a herbivore.
You cover ground extremely quickly.
You need consume almost no food.


Message History

The jelly hits you but does no damage.
You hit the jelly.
Your hands burn!
The jelly is lightly wounded.
The jelly completely misses you.
You hit the jelly.
Your hands burn!
The jelly is moderately wounded.
The jelly hits you but does no damage.
You hit the jelly.
Your hands burn!
The jelly is heavily wounded.
The jelly hits you. The acid corrodes you!
You are splashed with acid!
The acid burns!
You hit the jelly but do no damage.
Your hands burn!
The jelly is heavily wounded.
The jelly closely misses you.
You hit the jelly but do no damage. The acid corrodes you!
Your hands burn!
The jelly is moderately wounded.
The jelly hits you.
* * * LOW HITPOINT WARNING * * *
The acid corrodes you!
You are splashed with acid!
The acid burns!
You die...

##...# ##
###...[.# #
##.......#
#
##.......#
#
#........#
#...<....#
##.......##
#........#
#....@..##
#....J.##
#......#
#.....##
##.....
##.##. ## #


You could see a jelly.

Vanquished Creatures
  Sigmund (D:2)
  Menkaure (D:4)
  The ghost of Sagittarian the Ducker, an amateur DsGl (D:4)
  Blork the orc (D:6)
  A howler monkey (D:5)
  An orc priest (D:3)
  Ijyb (D:2)
  5 orc wizards (D:4)
  A worker ant (D:4)
  A hound zombie (D:6)
  4 gnolls (D:3)
  2 adders
  A shadow imp (D:4)
  An ooze (D:3)
  An adder zombie (D:6)
  2 adder skeletons (D:4)
  4 dart slugs
  5 leopard geckos
  3 orcs (D:3)
  A ball python (D:1)
  5 bats
  8 giant cockroaches
  4 goblins
  7 hobgoblins
  6 jackals
  8 kobolds
  2 quokkas
  7 frilled lizards
  7 rats
92 creatures vanquished.

Notes
Turn   | Place    | Note
-------+----------+-------------------------------------------
     0 | D:1      | LORDOFBUTT the Spriggan Enchanter began the quest for the Orb.
     0 | D:1      | Reached XP level 1. HP: 9/9 MP: 5/5
   173 | D:1      | Reached XP level 2. HP: 13/13 MP: 7/7
   607 | D:1      | Reached XP level 3. HP: 12/16 MP: 8/8
  1051 | D:2      | Found a sacrificial altar of Ru.
  1220 | D:2      | Noticed Ijyb
  1446 | D:2      | Learned a level 2 spell: Ensorcelled Hibernation
  1447 | D:2      | Noticed Sigmund
  1490 | D:2      | Reached skill level 5 in Stealth
  1591 | D:1      | Learned a level 3 spell: Confuse
  1608 | D:2      | Killed Ijyb
  1608 | D:2      | Reached XP level 4. HP: 14/21 MP: 2/11
  1679 | D:2      | Killed Sigmund
  1679 | D:2      | Reached skill level 5 in Spellcasting
  1679 | D:2      | Reached skill level 5 in Hexes
  1679 | D:2      | Reached XP level 5. HP: 21/24 MP: 5/13
  2053 | D:3      | Reached XP level 6. HP: 28/28 MP: 3/15
  2203 | D:3      | You fall through a shaft for 3 floors!
  2203 | D:6      | Noticed Blork the orc
  2223 | D:6      | Killed Blork the orc
  2286 | D:5      | Entered Level 5 of the Dungeon
  2363 | D:4      | Noticed Sagittarian's ghost (amateur DsGl)
  2637 | D:3      | Found a hazy altar of Hepliaklqana.
  2674 | D:3      | Found a roughly hewn altar of Beogh.
  2888 | D:3      | Found a shimmering altar of Xom.
  3251 | D:4      | Found Pump's Book Shop.
  3348 | D:4      | Noticed Menkaure
  3393 | D:4      | Reached XP level 7. HP: 16/32 MP: 17/17
  3770 | D:4      | Killed Sagittarian's ghost
  3975 | D:4      | Killed Menkaure
  4110 | D:5      | Splashed by a jelly's acid

Skill      XL: |  1  2  3  4  5  6  7 |
---------------+----------------------+-----
Spellcasting   | 3 4 5 6 7 |  7.4
Hexes          | 4 5 6 7 |  7.4
Stealth        | 5 6 7 |  7.1
Short Blades   | |  1.1
Dodging        | |  3.0

Action                   |  1- 3 |  4- 6 |  7- 9 || total
-------------------------+-------+-------+-------++-------
Melee: Dagger            |   171 |   189 |    61 ||   421
 Cast: Ensorcelled Hiber |     3 |    15 |    13 ||    31
       Confuse           |     2 |     4 |     7 ||    13
  Use: Scroll            |     5 |     6 |     7 ||    18
       Potion            |       |       |     2 ||     2
 Stab: Sleeping          |    13 |    20 |     4 ||    37
       Confused          |     1 |     2 |     4 ||     7
       Distracted        |       |     1 |       ||     1
  Eat: Bread ration      |       |     1 |       ||     1
Armor: Robe              |    26 |    21 |     5 ||    52
Dodge: Dodged            |   122 |   159 |    26 ||   307
